 Dungeon Crawl Stone Soup version 0.22-a0-247-gbddf880757 (webtiles) character file.

1254 Peterchen the Cleaver (level 8, -2/64 HPs)
             Began as a Minotaur Berserker on Feb 25, 2018.
             Was an Elder of Trog.
             Slain by a gnoll
             ... wielding a +0 flail
              (6 damage)
             ... on level 4 of the Dungeon.
             The game lasted 00:10:40 (4607 turns).

Peterchen the Cleaver (Minotaur Berserker)          Turns: 4607, Time: 00:10:41

Health: -2/64      AC:  6    Str: 24    XL:     8   Next: 26%
Magic:  7/7        EV: 10    Int:  4    God:    Trog [****..]
Gold:   145        SH:  3    Dex: 10    Spells: 7/7 levels left

rFire    . . .     SeeInvis .   a - +0 hand axe
rCold    . . .     Gourm    .   k - +0 buckler
rNeg     . . .     Faith    .   h - +0 ring mail
rPois    .         Spirit   .   (helmet restricted)
rElec    .         Reflect  .   A - +0 cloak
rCorr    .         Harm     .   (no gloves)
MR       .....                  (no boots)
Stlth    +.........             (no amulet)
HPRegen  0.20/turn              q - ring of stealth
MPRegen  0.10/turn              (no ring)

@: berserk cooldown, slowed, very slow
A: retaliatory headbutt, horns 2
a: Berserk, Trog's Hand, Brothers in Arms, Renounce Religion


You were on level 4 of the Dungeon.
You worshipped Trog.
Trog was greatly pleased with you.
You were not hungry.

You visited 1 branch of the dungeon, and saw 4 of its levels.
You also visited: Sewer.

You collected 145 gold pieces.

Inventory:

Hand Weapons
 a - a +0 hand axe (weapon)
Missiles
 g - 3 javelins of penetration (quivered)
Armour
 h - a +0 ring mail (worn)
 k - a +0 buckler (worn)
 A - a +0 cloak (worn)
Jewellery
 q - a ring of stealth (left hand)
 w - an uncursed ring of fire {unknown}
Wands
 o - a wand of random effects (38)
 y - a wand of iceblast (6)
Scrolls
 e - 3 scrolls of teleportation
 m - 2 scrolls of fog
 n - a scroll of remove curse
 u - a scroll of magic mapping
 B - a scroll of immolation {unknown}
Potions
 b - 2 potions of lignification {unknown}
 d - 3 potions of heal wounds
 f - 6 potions of curing {unknown}
 i - 2 potions of berserk rage {unknown}
 j - 2 potions of haste
 l - 2 potions of invisibility {unknown}
 p - a potion of agility {unknown}
 r - a potion of might {unknown}
 s - 5 potions of magic {unknown}
 t - a potion of ambrosia {unknown}
 x - a potion of brilliance {unknown}
 C - a potion of mutation {unknown}
Comestibles
 c - 9 rations


   Skills:
 - Level 3.6 Fighting
 * Level 12.1 Axes
 - Level 2.4 Armour
 - Level 2.1 Dodging


You had 7 spell levels left.
You didn't know any spells.

Dungeon Overview and Level Annotations

Branches:
Dungeon (4/15)             Temple (0/1) D:4

Altars:
Ashenzari
Nemelex Xobeh

Annotations:
D:4 1 runed door, Pikel


Innate Abilities, Weirdness & Mutations

You reflexively headbutt those who attack you in melee.
You have a pair of horns on your head.


Message History

The gnoll shouts!
You closely miss the gnoll. You slash the gnoll!
You kill the gnoll!
Trog accepts your kill.
Things that are here:
a halberd; a gnoll corpse You feel a strong urge to attack something.
You are no longer berserk.
You are exhausted.
You feel yourself slow down.
You closely miss the gnoll. You block the gnoll's attack.
You barely miss the gnoll. Your headbutt misses the gnoll. You hit the gnoll.
The gnoll barely misses you. x2; You furiously retaliate!
You headbutt the gnoll.
Your shield and ring mail prevent you from hitting the gnoll.
You closely miss the gnoll. The gnoll hits you with a club.
* * * LOW HITPOINT WARNING * * *
The gnoll hits you with a flail.
You die...

#................#.#⌠.⌠..##.# #
#................#.#...#.##.# #
#................#.#...#.##.# #
#............###.#.##..#.##.# ###
.............# #.#.##..#.##.###..
.............# #.#.##..#'##......
...##...########'#.##.....####...
...##........)......'.....# #...
...##........†).@g.##.....# #...
...##............g.##.....# ####
...##...##########.##...>.# #.##
...##...# #........####...
#####...# #...........#.## #
##...##########g..#######...##
#.....P..............)........
#....≈≈≈≈≈≈≈≈≈≈≈≈≈≈≈≈≈≈≈....≈≈
#....≈≈≈≈≈≈≈≈≈≈≈≈≈≈≈≈≈≈≈....≈≈


You could see 2 gnolls.

Vanquished Creatures
  Sigmund (D:2)
  Edmund (D:4)
  3 slaves (D:4)
  An ogre (D:4)
  2 bullfrogs (Sewer)
  A water moccasin skeleton (D:4)
  A hound (D:3)
  2 gnoll shamans (D:4)
  Jessica (D:2)
  Robin (D:2)
  26 gnolls (D:4)
  14 adders
  8 river rats
  3 oozes
  4 worms
  3 dart slugs
  4 leopard geckos
  An orc (D:3)
  3 giant cockroaches
  9 goblins
  13 hobgoblins
  14 jackals (D:4)
  7 kobolds
  2 quokkas (D:2)
  11 ball pythons
  8 bats
  6 frilled lizards
  27 rats
177 creatures vanquished.

Notes
Turn   | Place    | Note
-------+----------+-------------------------------------------
     0 | D:1      | Peterchen the Minotaur Berserker began the quest for the Orb.
     0 | D:1      | Reached XP level 1. HP: 19/19 MP: 0/0
    74 | D:1      | Reached skill level 4 in Axes
    79 | D:1      | Reached XP level 2. HP: 8/26 MP: 1/1
   678 | D:1      | Reached skill level 5 in Axes
   720 | D:1      | Reached ** piety under Trog
   723 | D:1      | Reached XP level 3. HP: 23/31 MP: 2/2
   741 | D:1      | You fall through a shaft!
   768 | D:2      | Noticed Robin
   782 | D:2      | Killed Robin
   852 | D:2      | Reached XP level 4. HP: 24/39 MP: 3/3
   862 | D:2      | Reached skill level 6 in Axes
  1193 | D:2      | Noticed Sigmund
  1200 | D:2      | Killed Sigmund
  1200 | D:2      | Reached skill level 7 in Axes
  1200 | D:2      | Reached XP level 5. HP: 45/45 MP: 4/4
  1268 | D:2      | Reached skill level 8 in Axes
  1497 | D:2      | Noticed Jessica
  1502 | D:2      | Killed Jessica
  1502 | D:2      | Reached XP level 6. HP: 47/51 MP: 5/5
  1898 | D:3      | Reached *** piety under Trog
  2064 | D:3      | Found a glowing drain.
  2084 | Sewer    | Entered a sewer
  2245 | Sewer    | Reached skill level 9 in Axes
  2268 | Sewer    | Received a gift from Trog
  2853 | Sewer    | Reached XP level 7. HP: 57/57 MP: 6/6
  2853 | Sewer    | Reached **** piety under Trog
  2858 | Sewer    | Reached skill level 10 in Axes
  3379 | D:4      | Noticed Edmund
  3391 | D:4      | Killed Edmund
  3415 | D:4      | Found a sparkling altar of Nemelex Xobeh.
  3446 | D:4      | Found a runed door.
  3721 | D:4      | Reached skill level 11 in Axes
  3877 | D:4      | Found a shattered altar of Ashenzari.
  4357 | D:4      | Found a staircase to the Ecumenical Temple.
  4430 | D:4      | Reached XP level 8. HP: 52/64 MP: 7/7
  4440 | D:4      | Reached skill level 12 in Axes
  4571 | D:4      | Noticed Pikel
  4607 | D:4      | Slain by a gnoll

Vault maps used:
D:1:      minmay_arrival_loop
D:2:      uniq_robin, uniq_jessica, uniq_sigmund
D:3:      portal_sewer_entry_c, serial_park_tiny_2
D:4:      lemuel_castle_with_subvaults, ashenzari_conservatory_becter,
          temple_statues, first_ration, dk_vineyard_2,
          nemelex_xobeh_ov_fountains_minmay, uniq_crazy_yiuf_cottage,
          uniq_pikel, uniq_edmund
Sewer:    sewer_minmay_w

Skill      XL: |  1  2  3  4  5  6  7  8 |
---------------+-------------------------+-----
Axes           | 4 5 7 8 9 11 12 | 12.1
Fighting       | |  3.6
Armour         | |  2.4
Dodging        | |  2.1

Action                   |  1- 3 |  4- 6 |  7- 9 || total
-------------------------+-------+-------+-------++-------
Melee: Hand axe          |    63 |   172 |   158 ||   393
       Headbutt          |     8 |    25 |    25 ||    58
Invok: Berserk           |     2 |     3 |     3 ||     8
  Use: Scroll            |       |     4 |     5 ||     9
  Eat: Chunk             |     2 |     8 |     7 ||    17
       Ration            |       |       |     1 ||     1
Armor: Ring mail         |    15 |    59 |    39 ||   113
       Animal skin       |     1 |       |       ||     1
Dodge: Dodged            |    41 |    89 |    79 ||   209
Block: Buckler           |       |    17 |    14 ||    31

Table legend:
 A = Spawn XP
 B = Non-spawn XP
 C = Spawn XP percentage of total XP
 D = Spawn monster count
 E = Non-spawn monster count
 F = Spawn count percentage of total count
 G = Total turns spent on level
                    A         B        C        D         E        F      G
               +---------+---------+-------+---------+---------+-------+---------
         Total |       0 |    1792 |   0.0 |       0 |     174 |   0.0 |  4607
               +---------+---------+-------+---------+---------+-------+---------
           D:1 |       0 |      44 |   0.0 |       0 |      22 |   0.0 |  1058
           D:2 |       0 |     366 |   0.0 |       0 |      32 |   0.0 |   725
           D:3 |       0 |     139 |   0.0 |       0 |      22 |   0.0 |   556
           D:4 |       0 |     857 |   0.0 |       0 |      50 |   0.0 |  1317
         Sewer |       0 |     386 |   0.0 |       0 |      48 |   0.0 |   951
               +---------+---------+-------+---------+---------+-------+---------
